 Dungeon Crawl Stone Soup version 0.23-b1-67-g8bd44de8e4 (webtiles) character file.

Game seed: 8307778444268365560

11125 trasnemi the Cleaver (level 11, -2/99 HPs)
             Began as a Minotaur Fighter on Feb 5, 2019.
             Was a High Priest of Okawaru.
             Killed from afar by a catoblepas (3 damage)
             ... with a blast of calcifying dust
             ... while petrified by you
             ... on level 14 of the Dungeon.
             The game lasted 00:22:49 (11724 turns).

trasnemi the Cleaver (Minotaur Fighter)            Turns: 11724, Time: 00:22:49

Health: -2/99      AC: 24    Str: 29      XL:     11   Next: 45%
Magic:  13/14      EV:  2    Int:  5      God:    Okawaru [*****.]
Gold:   206        SH:  0    Dex:  9 (10) Spells: 10/10 levels left

rFire    . . .     SeeInvis .   G - +0 broad axe
rCold    + . .     Gourm    .   w - +2 shield
rNeg     + + +     Faith    .   H - +3 plate armour {rC+}
rPois    ∞         Spirit   .   (helmet restricted)
rElec    .         Reflect  .   q - +0 cloak
rCorr    .         Harm     .   I - +0 pair of gloves
MR       .....                  d - +0 pair of boots
Stlth    ..........             a - amulet of rage
HPRegen  0.26/turn              s - +5 ring of strength
MPRegen  0.14/turn              (no ring)

@: petrified, heroism, slowed, studying Conjurations
A: retaliatory headbutt, horns 2
a: Heroism, Finesse, Renounce Religion, Evoke Berserk Rage


You were on level 14 of the Dungeon.
You worshipped Okawaru.
Okawaru was extremely pleased with you.
You were not hungry.

You visited 2 branches of the dungeon, and saw 14 of its levels.

You collected 561 gold pieces.
You spent 355 gold pieces at shops.

Inventory:

Hand Weapons
 G - a +0 broad axe (weapon)
Armour
 d - a +0 pair of boots (worn)
 q - a +0 cloak (worn)
 w - a +2 shield (worn)
 A - a +2 chain mail of fire resistance
 H - a +3 plate armour of cold resistance (worn)
 I - a +0 pair of gloves (worn)
Jewellery
 a - an amulet of rage (around neck)
 s - a +5 ring of strength (left hand)
Wands
 r - a wand of enslavement (17)
 D - a wand of polymorph (5)
 F - a wand of digging (4)
 K - a wand of acid (6)
 L - a wand of paralysis (9)
Scrolls
 c - a scroll of noise
 e - 10 scrolls of remove curse
 g - a scroll of identify
 i - 6 scrolls of enchant armour
 j - a scroll of immolation
 o - 5 scrolls of amnesia
 x - 2 scrolls of enchant weapon
 y - 3 scrolls of magic mapping
 B - 2 scrolls of fear
 E - a scroll of teleportation
 J - a scroll of fog
Potions
 h - 2 potions of mutation
 k - 5 potions of brilliance
 l - 4 potions of berserk rage
 m - 7 potions of curing
 n - 2 potions of invisibility
 p - 5 potions of flight
 t - 2 potions of degeneration {unknown}
 u - 3 potions of heal wounds
 v - 3 potions of haste
 z - 3 potions of lignification
Books
 C - a manual of Conjurations
Comestibles
 f - 12 rations


   Skills:
 + Level 9.6(14.6) Fighting
 * Level 12.6(17.6) Axes
 + Level 9.7(14.7) Armour
 + Level 3.3(8.3) Dodging
 + Level 9.6(14.6) Shields
 * Level 6.4 Invocations


You had 10 spell levels left.
You didn't know any spells.
Your spell library was empty.

Dungeon Overview and Level Annotations

Branches:
Dungeon (15/15)            Temple (1/1) D:7            Lair (0/6) D:9
    Orc (0/2) D:9
 Vaults: D:13-14     Depths: D:15

Altars:
Ashenzari
Dithmenos
Fedhas
Gozag
Hepliaklqana
Kikubaaqudgha
Makhleb
Nemelex Xobeh
Okawaru
Ru
Trog
Uskayaw
Wu Jian
Yredelemnul
Zin
The Shining One

Shops:
D:5 [   D:8 !   D:11 *


Innate Abilities, Weirdness & Mutations

You reflexively headbutt those who attack you in melee.
You have a pair of horns on your head.


Message History

* * * LOW HITPOINT WARNING * * *
A yaktaur comes into view.
The catoblepas gores you but does no damage.
The freezing wraith hits you.
* * * LOW HITPOINT WARNING * * *
The freezing wraith freezes you! You resist.
* * * LOW HITPOINT WARNING * * *
The freezing wraith hits you but does no damage.
The water engulfing you falls away.
The catoblepas breathes a plume of calcifying dust at you.
The blast of calcifying dust hits you but does no damage.
The freezing wraith hits you but does no damage.
The freezing wraith hits you.
* * * LOW HITPOINT WARNING * * *
The freezing wraith drains your vigour!
You feel as though you will be slow longer.
You are engulfed in calcifying dust.
The catoblepas breathes a plume of calcifying dust at you.
The blast of calcifying dust hits you.
You die...

≈
≈≈###########
.......§...
....%§.#
#.E§.#
#p@#####
##YW>..#
##p###.#
##.p# #.#
#...# #.#
#.c..# #.#
.W'....# #.#
pp..#....#
#.#
..#.##...#
#.#


You could see a catoblepas, 3 vault guards, a yaktaur, a freezing wraith and a
water elemental.

Vanquished Creatures
  Harold (D:6)
  A two-headed ogre (D:11)
  Nergalle (D:11)
  Pikel (D:6)
  An ugly thing (D:11)
  A gargoyle (D:11)
  3 trolls
  A meliai zombie (D:10)
  2 hippogriffs
  A wyvern (D:8)
  5 yaks (D:11)
  2 water elementals (D:14)
  A hungry ghost (D:9)
  Menkaure (D:6)
  A basilisk (D:14)
  2 wargs
  A water moccasin (D:7)
  2 slaves (D:6)
  A sky beast (D:15)
  7 orc warriors
  2 ice beasts
  3 ogres
  7 centaurs
  A big kobold (D:11)
  7 bullfrogs
  A water moccasin zombie (D:5)
  5 scorpions
  7 howler monkeys
  4 electric eels
  2 crimson imps
  2 quasits
  4 hounds
  9 orc priests
  4 jellies
  Crazy Yiuf (D:2)
  2 centaur skeletons
  Jessica (D:2)
  10 worker ants
  4 iguanas
  16 orc wizards
  A killer bee zombie (D:8)
  A hound zombie (D:10)
  2 hound skeletons
  A worker ant zombie (D:8)
  8 adders
  A shadow imp (D:7)
  An ooze (D:2)
  An adder zombie (D:7)
  An adder skeleton (D:6)
  4 worms
  2 dart slugs
  6 leopard geckos
  48 orcs
  11 bats
  3 giant cockroaches
  8 goblins
  5 hobgoblins
  18 jackals
  2 quokkas
  4 frilled lizards
  14 kobolds
  A leopard gecko zombie (D:6)
  A quokka skeleton (D:9)
  7 rats
279 creatures vanquished.

Notes
Turn   | Place    | Note
-------+----------+-------------------------------------------
     0 | D:1      | trasnemi the Minotaur Fighter began the quest for the Orb.
     0 | D:1      | Reached XP level 1. HP: 19/19 MP: 0/0
   108 | D:1      | Reached XP level 2. HP: 27/27 MP: 1/1
   114 | D:1      | Reached skill level 3 in Axes
   295 | D:1      | Reached XP level 3. HP: 33/33 MP: 2/2
   378 | D:1      | Found a shattered altar of Ashenzari.
   912 | D:2      | Reached XP level 4. HP: 19/40 MP: 3/3
  1196 | D:2      | Reached skill level 4 in Axes
  1498 | D:2      | Noticed Jessica
  1504 | D:2      | Killed Jessica
  1613 | D:2      | Found a burning altar of Makhleb.
  1625 | D:2      | Found a blossoming altar of Fedhas.
  2220 | D:2      | Reached XP level 5. HP: 45/47 MP: 4/4
  2295 | D:2      | Found a runed translucent door.
  2296 | D:2      | Noticed Crazy Yiuf
  3110 | D:3      | Noticed a hippogriff
  3116 | D:3      | Killed a hippogriff
  3116 | D:3      | Reached skill level 5 in Fighting
  3116 | D:3      | Reached skill level 5 in Axes
  3116 | D:3      | Reached skill level 5 in Armour
  3116 | D:3      | Reached skill level 5 in Shields
  3116 | D:3      | Reached XP level 6. HP: 44/56 MP: 5/5
  3238 | D:3      | Found a faded altar of an unknown god.
  3455 | D:3      | Found a glowing golden altar of the Shining One.
  3458 | D:3      | Found a bloodstained altar of Trog.
  3459 | D:3      | Found a hide-covered altar of Uskayaw.
  3837 | D:4      | Reached skill level 6 in Axes
  3837 | D:4      | Reached XP level 7. HP: 58/61 MP: 6/6
  4161 | D:3      | Found an opulent altar of Gozag.
  4161 | D:3      | Found a basalt altar of Yredelemnul.
  4190 | D:5      | Entered Level 5 of the Dungeon
  4259 | D:5      | Found Zafosm's Armour Emporium.
  4267 | D:5      | Bought a +2 shield for 181 gold pieces
  4843 | D:6      | Reached skill level 7 in Axes
  5024 | D:6      | Reached XP level 8. HP: 68/70 MP: 7/7
  5134 | D:6      | Reached skill level 8 in Axes
  5393 | D:6      | Noticed Menkaure
  5418 | D:6      | Killed Menkaure
  5490 | D:6      | Noticed Pikel
  5514 | D:6      | Killed Pikel
  5514 | D:6      | Reached skill level 9 in Axes
  5883 | D:6      | Reached XP level 9. HP: 29/79 MP: 8/8
  6089 | D:7      | Noticed Harold
  6271 | D:2      | Killed Crazy Yiuf
  6557 | D:6      | Killed Harold
  6557 | D:6      | Reached skill level 10 in Axes
  6841 | D:7      | Found a staircase to the Ecumenical Temple.
  6897 | Temple   | Entered the Ecumenical Temple
  6986 | Temple   | Became a worshipper of Warmaster Okawaru
  7380 | D:7      | Reached skill level 1 in Invocations
  8264 | D:8      | Reached * piety under Okawaru
  8317 | D:8      | Found Ydeshri's Distillery.
  8324 | D:8      | Bought a potion of curing for 33 gold pieces
  8324 | D:8      | Bought a potion of lignification for 33 gold pieces
  8324 | D:8      | Bought a potion of flight for 33 gold pieces
  8324 | D:8      | Bought a potion of berserk rage for 55 gold pieces
  8390 | D:8      | Reached XP level 10. HP: 89/89 MP: 11/11
  8583 | D:9      | Found a staircase to the Lair.
  8757 | D:9      | Found a staircase to the Orcish Mines.
  8766 | D:9      | Reached skill level 11 in Axes
  9163 | D:9      | Reached ** piety under Okawaru
  9921 | D:10     | Entered Level 10 of the Dungeon
 10292 | D:10     | Reached skill level 1 in Dodging
 10579 | D:11     | Noticed a gargoyle
 10587 | D:11     | Killed a gargoyle
 10587 | D:11     | Reached skill level 5 in Invocations
 10589 | D:11     | Reached *** piety under Okawaru
 10806 | D:11     | Found Ulakyn's General Store.
 10815 | D:11     | Bought a scroll of identify for 20 gold pieces
 10865 | D:11     | Noticed a two-headed ogre
 10874 | D:11     | Killed a two-headed ogre
 10874 | D:11     | Reached skill level 12 in Axes
 10874 | D:11     | Reached XP level 11. HP: 97/97 MP: 10/14
 10876 | D:11     | Noticed a red ugly thing
 10882 | D:11     | Killed a red ugly thing
 10962 | D:11     | Reached **** piety under Okawaru
 11087 | D:11     | Noticed Nergalle
 11098 | D:11     | Killed Nergalle
 11159 | D:11     | You fall through a shaft for 3 floors!
 11591 | D:14     | You fall through a shaft!
 11591 | D:15     | Entered Level 15 of the Dungeon
 11607 | D:15     | Noticed a centaur warrior
 11624 | D:14     | Reached ***** piety under Okawaru
 11671 | D:14     | Noticed a catoblepas
 11706 | D:14     | Noticed a vault guard
 11707 | D:14     | Noticed a vault guard
 11707 | D:14     | Noticed a vault guard
 11722 | D:14     | HP: 4/99 [freezing wraith (5)]
 11723 | D:14     | HP: 1/99 [freezing wraith (3)]
 11724 | D:14     | Killed from afar by a catoblepas

Skill      XL: |  1  2  3  4  5  6  7  8  9 10 11 |
---------------+----------------------------------+-----
Axes           | 3 4 5 6 7 9 10 12 | 12.6
Shields        | 4 5 6 7 8 9 |  9.6
Fighting       | 4 5 6 7 8 9 |  9.6
Armour         | 4 5 6 7 8 9 |  9.7
Invocations    | 2 5 6 |  6.4
Dodging        | 2 3 |  3.3

Action                   |  1- 3 |  4- 6 |  7- 9 | 10-12 || total
-------------------------+-------+-------+-------+-------++-------
Melee: War axe           |    76 |   152 |   268 |       ||   496
       Headbutt          |     6 |    17 |    61 |    72 ||   156
       Broad axe         |       |       |    25 |   338 ||   363
Invok: Heroism           |       |       |       |     3 ||     3
  Use: Potion            |       |       |     4 |       ||     4
       Scroll            |       |       |     7 |     6 ||    13
  Eat: Chunk             |       |    10 |    14 |    13 ||    37
Armor: Scale mail        |    43 |    65 |    41 |       ||   149
       Plate armour      |       |       |    48 |   185 ||   233
Dodge: Dodged            |    34 |    40 |    62 |    73 ||   209
Block: Shield            |    44 |    83 |   194 |   262 ||   583
